[Event "Titled Tuesday Blitz May 10 Late 2022"]
[White "Antonova, Nadezhda"]
[Black "Wachinger, Guenther"]
[WhiteFideId "14700182"]
[BlackFideId "4604261"]
[WhiteElo "1743"]
[BlackElo "2212"]
[Result "0-1"]
[Round "07"]
[TimeControl "180+1"]
[Date "2022.05.11"]
[WhiteClock "0:00:01"]
[BlackClock "0:00:16"]

1. d4 Nf6 2. Nf3 c5 3. e3 b6 4. Nbd2 Bb7 5. Bd3 e6 6. c3 Be7 7. e4 O-O 8. O-O d6 9. Re1 Nbd7 10. Qe2 e5 11. d5 Ne8 12. a4 g6 13. a5 a6 14. axb6 Qxb6 15. Nc4 Qc7 16. Na5 f5 17. Ng5 Ng7 18. Nxb7 Qxb7 19. Ne6 Nxe6 20. dxe6 Nb8 21. Bh6 Re8 22. exf5 gxf5 23. Bxf5 Bf6 24. Qg4+ Kh8 25. Qh5 Rg8 26. Be4 d5 27. Qf5 Rg6 28. e7 Nd7 29. Bf3 Rxh6 30. Rad1 Nb6 31. Qe6 Qxe7 32. Bxd5 Nxd5 33. Qxd5 Rd8 34. Qc4 Rg6 35. Rxd8+ Qxd8 36. Qxa6 Qd2 37. Rf1 e4 38. Qc8+ Kg7 39. Qe8 Qxb2 40. c4 Qd4 41. g3 Qxc4 42. Re1 Qf7 43. Qxe4 Bd4 44. Qc2 Rf6 45. Re2 Rf3 46. Kg2 h5 47. h4 Qf6 48. Qc4 Rxf2+ 49. Kh3 Qf5+ 0-1


[Site "https://www.chess.com"]

[Event "Titled Tuesday Blitz May 10 Late 2022"]
[White "Arabidze, Meri"]
[Black "Zhou, Qiyu"]
[WhiteFideId "13604040"]
[BlackFideId "505161"]
[WhiteElo "2335"]
[BlackElo "1925"]
[Result "0-1"]
[Round "07"]
[TimeControl "180+1"]
[Date "2022.05.11"]
[WhiteClock "0:00:04"]
[BlackClock "0:00:05"]

1. Nf3 Nf6 2. g3 d5 3. Bg2 g6 4. O-O Bg7 5. d3 O-O 6. Nbd2 c5 7. c4 e6 8. Rb1 a5 9. b3 Nc6 10. Bb2 d4 11. a3 e5 12. Ng5 Re8 13. Qc2 Qc7 14. Rbe1 b6 15. e3 Bb7 16. exd4 exd4 17. Bc1 Ne5 18. Nde4 Nxe4 19. dxe4 h6 20. Nh3 a4 21. f4 Nd7 22. Nf2 axb3 23. Qxb3 Bc6 24. e5 Bxg2 25. Kxg2 Qc6+ 26. Qf3 Qxf3+ 27. Kxf3 Ra4 28. Ne4 Rxc4 29. Bd2 Ra8 30. Nd6 Rxa3+ 31. Ke4 Rc2 32. Rd1 Raa2 33. Be1 Rxh2 34. Kd5 Nf8 35. Kc6 Rhb2 36. Nc4 Rb3 37. g4 b5 38. Nd6 c4 39. Rxd4 Ne6 40. Rd5 Ra6+ 41. Kb7 Ra2 42. f5 gxf5 43. gxf5 Ng5 44. f6 Bf8 45. Nxb5 Rab2 46. Kc6 c3 47. Bxc3 Rc2 48. Rd3 Bb4 49. Rd8+ Kh7 50. e6 Nxe6 51. Rd7 Ng5 52. Rf5 Bxc3 53. Rc5 Rc1 54. Nxc3 Rbxc3 55. Rxc3 Rxc3+ 56. Kb7 Rf3 57. Kc8 Rxf6 58. Kd8 Kg6 59. Ke8 h5 60. Kf8 h4 61. Kg8 h3 62. Rd2 Rf3 63. Rh2 Rg3 64. Rf2 Rg2 65. Rf4 Kh5 66. Rf6 h2 67. Kg7 Kg4 68. Rh6 f5 0-1


[Site "https://www.chess.com"]

[Event "Titled Tuesday Blitz May 10 Late 2022"]
[White "Babazada, Khazar"]
[Black "Melikyan, Gnel"]
[WhiteFideId "13413554"]
[BlackFideId "54109990"]
[WhiteElo "2406"]
[BlackElo "1772"]
[Result "1/2-1/2"]
[Round "07"]
[TimeControl "180+1"]
[Date "2022.05.10"]
[WhiteClock "0:01:18"]
[BlackClock "0:00:25"]

1. e4 c5 2. Nf3 Nc6 3. d4 cxd4 4. Nxd4 e5 5. Nb5 d6 6. N1c3 a6 7. Na3 b5 8. Nd5 Nge7 9. c3 Nxd5 10. exd5 Ne7 11. Nc2 Bb7 12. Nb4 g6 13. a4 bxa4 14. Qxa4+ Qd7 15. Qxd7+ Kxd7 16. Ra5 Bg7 17. Be2 Rhc8 18. O-O Rc5 19. Rxc5 dxc5 20. Nd3 Rc8 21. c4 e4 22. Nf4 Nf5 23. Bd1 Kd6 24. Ba4 Nd4 25. Re1 f5 26. Ne6 Nxe6 27. dxe6 Kxe6 28. Be3 Bd4 29. Rd1 Bc6 30. Bxc6 Rxc6 31. Kf1 Rb6 32. Bxd4 cxd4 33. Rxd4 Rxb2 34. c5 Rb5 35. Rd6+ Ke5 36. Rxa6 Rxc5 37. g3 Rc2 38. h4 e3 39. Ra5+ Ke4 40. Ra4+ Kd3 41. Ra3+ Rc3 42. Rxc3+ Kxc3 43. fxe3 Kd3 44. Kf2 Ke4 45. Ke2 h6 46. Kf2 g5 47. hxg5 hxg5 48. g4 f4 49. exf4 Kxf4 50. Kg1 Kg3 51. Kf1 Kf3 52. Kg1 Kf4 53. Kf1 Kg3 54. Kg1 Kh3 55. Kh1 Kh4 56. Kg1 Kxg4 57. Kg2 Kh4 58. Kh2 g4 59. Kg2 g3 60. Kg1 Kg5 61. Kg2 Kg4 62. Kg1 Kf3 63. Kf1 g2+ 64. Kg1 Kg3 1/2-1/2


[Site "https://www.chess.com"]

[Event "Titled Tuesday Blitz May 10 Late 2022"]
[White "Bas Mas, Jose Joaquin"]
[Black "Ardila, Oscar Humberto"]
[WhiteFideId "22219064"]
[BlackFideId "4404742"]
[WhiteElo "2233"]
[BlackElo "1928"]
[Result "1-0"]
[Round "07"]
[TimeControl "180+1"]
[Date "2022.05.11"]
[WhiteClock "0:01:34"]
[BlackClock "0:00:11"]

1. Nf3 Nf6 2. e3 g6 3. b3 Bg7 4. Bb2 O-O 5. Be2 d6 6. O-O Nbd7 7. d4 c6 8. c4 Qc7 9. Nbd2 e5 10. Qc2 Re8 11. Rac1 exd4 12. Nxd4 Nc5 13. Rfe1 Nce4 14. N2f3 a6 15. Qb1 c5 16. Nc2 Bf5 17. Qa1 Nh5 18. Bxg7 Nxg7 19. Nh4 Bd7 20. f3 Ng5 21. e4 Qd8 22. g3 N5e6 23. Ng2 f5 24. Rcd1 fxe4 25. fxe4 Qe7 26. Nge3 Bc6 27. Nd5 Bxd5 28. exd5 Ng5 29. Bg4 Qf7 30. Rf1 Qc7 31. Qc3 Ne4 32. Qd3 h5 33. Bh3 Re5 34. Rde1 Rae8 35. Bg2 Qe7 36. Bxe4 Rxe4 37. Rxe4 Qxe4 38. Qxe4 Rxe4 39. Kf2 Nf5 40. Kf3 Re7 41. Rf2 Kg7 42. Re2 Rxe2 43. Kxe2 Kf6 44. Kf3 Ke5 45. g4 hxg4+ 46. Kxg4 Ke4 47. Kg5 Kd3 48. Kxg6 Nh4+ 49. Kf6 Kxc2 50. Ke6 b5 51. Kxd6 bxc4 52. bxc4 Kd3 53. Kxc5 Nf5 54. d6 a5 55. d7 Nd4 56. Kd5 Nc2 57. d8=Q Nb4+ 58. Kc5+ Kc3 59. Qxa5 1-0


[Site "https://www.chess.com"]

[Event "Titled Tuesday Blitz May 10 Late 2022"]
[White "Batsiashvili, Nino"]
[Black "Nagy, Gabor"]
[WhiteFideId "13602993"]
[BlackFideId "737119"]
[WhiteElo "2193"]
[BlackElo "2569"]
[Result "0-1"]
[Round "07"]
[TimeControl "180+1"]
[Date "2022.05.10"]
[WhiteClock "0:00:04"]
[BlackClock "0:00:17"]

1. d4 Nf6 2. c4 c5 3. d5 e6 4. Nc3 exd5 5. cxd5 d6 6. g3 g6 7. Bg2 Bg7 8. Nf3 O-O 9. O-O Re8 10. Re1 Na6 11. e4 Bg4 12. h3 Bxf3 13. Bxf3 Nd7 14. Bg2 Rb8 15. a4 Nb4 16. f4 a6 17. Kh2 c4 18. Be3 Nd3 19. Re2 b5 20. axb5 axb5 21. Ra7 b4 22. Na4 N7c5 23. Nxc5 dxc5 24. e5 h5 25. d6 h4 26. gxh4 Qxh4 27. Bd5 Nxf4 28. Bxf7+ Kh8 29. Bxe8 Qxh3+ 30. Kg1 Qg4+ 31. Kf1 Qf3+ 32. Ke1 Ng2+ 33. Rxg2 Qxg2 34. d7 Bxe5 35. Bf2 Bxb2 36. d8=Q Bc3+ 37. Ke2 Qe4+ 38. Kf1 Qh1+ 39. Ke2 Qe4+ 40. Kf1 Qh1+ 41. Bg1 Qh3+ 42. Kf2 Rxd8 43. Qxd8 Bd4+ 44. Qxd4+ cxd4 45. Bc6 Qe3+ 46. Kg2 Qg5+ 47. Kf1 Qf6+ 48. Bf2 Qxc6 49. Bxd4+ Kg8 50. Rg7+ Kf8 51. Ke2 Qe4+ 52. Be3 Kxg7 0-1


[Site "https://www.chess.com"]

[Event "Titled Tuesday Blitz May 10 Late 2022"]
[White "Bazeev, German"]
[Black "Gurevich, Dmitry"]
[WhiteFideId "24119350"]
[BlackFideId "2000407"]
[WhiteElo "2493"]
[BlackElo "2506"]
[Result "1-0"]
[Round "07"]
[TimeControl "180+1"]
[Date "2022.05.10"]
[WhiteClock "0:01:03"]
[BlackClock "0:00:04"]

1. d4 Nf6 2. Nf3 e6 3. c4 a6 4. g3 c5 5. Bg2 cxd4 6. Nxd4 Qc7 7. O-O Be7 8. Nc3 O-O 9. b3 d5 10. Bb2 dxc4 11. Rc1 Qa5 12. bxc4 Nbd7 13. Nb3 Qc7 14. e4 Nc5 15. Nd5 exd5 16. cxd5 Rd8 17. Qc2 b6 18. Bxf6 Bxf6 19. f4 Bb7 20. Rfd1 Qe7 21. Nxc5 Qxc5+ 22. Qxc5 bxc5 23. e5 Be7 24. d6 Bf8 25. Bxb7 Rab8 26. Bd5 Rb2 27. Rxc5 Rd7 28. Bb3 g6 29. Rc7 1-0


[Site "https://www.chess.com"]

[Event "Titled Tuesday Blitz May 10 Late 2022"]
[White "Bjelobrk, Igor"]
[Black "Krstulovic, Alex"]
[WhiteFideId "4300726"]
[BlackFideId "760056"]
[WhiteElo "2335"]
[BlackElo "2193"]
[Result "1-0"]
[Round "07"]
[TimeControl "180+1"]
[Date "2022.05.11"]
[WhiteClock "0:01:52"]
[BlackClock "0:02:09"]

1. Nf3 d5 2. d4 Nf6 3. c4 e6 4. g3 dxc4 5. Bg2 c6 6. Ne5 Bb4+ 7. Nc3 b5 8. a4 Bxc3+ 9. bxc3 Nd5 10. axb5 cxb5 11. Ba3 f6 12. e4 fxe5 13. exd5 Bb7 14. Qh5+ g6 15. Qxe5 1-0


[Site "https://www.chess.com"]

[Event "Titled Tuesday Blitz May 10 Late 2022"]
[White "Bluebaum, Matthias"]
[Black "Oganian, Miran"]
[WhiteFideId "24651516"]
[BlackFideId "4122488"]
[WhiteElo "2556"]
[BlackElo "2357"]
[Result "1-0"]
[Round "07"]
[TimeControl "180+1"]
[Date "2022.05.10"]
[WhiteClock "0:00:11"]
[BlackClock "0:00:04"]

1. d4 e6 2. c4 d5 3. Nc3 a6 4. cxd5 exd5 5. a3 Nf6 6. Bg5 c6 7. e3 Nbd7 8. Bd3 Be7 9. Nge2 O-O 10. Qc2 Re8 11. O-O Nf8 12. f3 Be6 13. Rad1 Rc8 14. Kh1 Ng6 15. h3 Qd7 16. Nf4 Ne4 17. fxe4 Bxg5 18. e5 c5 19. Nxe6 fxe6 20. Bxg6 hxg6 21. Qxg6 Bxe3 22. dxc5 Rf8 23. Rxf8+ Rxf8 24. Ne4 Kh8 25. Ng5 Bxg5 26. Qxg5 Qa4 27. Rd3 Rf5 28. Qg6 Qe4 29. Rg3 Qxe5 30. Kh2 Qf6 31. Qe8+ Kh7 32. b4 d4 33. Qa4 Rg5 34. Qc2+ g6 35. Qe4 Rxg3 36. Kxg3 Qg5+ 37. Kf3 Qd2 38. Qxb7+ Kh6 39. Qe4 d3 40. Qe3+ Qxe3+ 41. Kxe3 1-0


[Site "https://www.chess.com"]

[Event "Titled Tuesday Blitz May 10 Late 2022"]
[White "Bongo Akanga Ndjila, Barthelemy"]
[Black "Carrasco Miranda, Andres"]
[WhiteFideId "10609431"]
[BlackFideId "3405990"]
[WhiteElo "1768"]
[BlackElo "2177"]
[Result "1-0"]
[Round "07"]
[TimeControl "180+1"]
[Date "2022.05.11"]
[WhiteClock "0:02:30"]
[BlackClock "0:02:26"]

1. d4 Nf6 2. c4 g6 3. Nc3 d5 4. cxd5 Nxd5 5. e4 Nxc3 6. bxc3 Bg7 7. Rb1 c5 8. Nf3 O-O 9. Be2 cxd4 10. cxd4 Qa5+ 11. Bd2 Qxa2 12. O-O Bg4 13. Rxb7 Bxf3 14. Bxf3 Bxd4 15. Rxe7 Nc6 16. Rc7 Ne5 17. Bh6 Nxf3+ 18. Qxf3 Rfc8 19. Rd7 Rd8 20. Rxd4 Rxd4 21. Qf6 1-0


[Site "https://www.chess.com"]

[Event "Titled Tuesday Blitz May 10 Late 2022"]
[White "Bortnyk, Olexandr"]
[Black "Vajda, Levente"]
[WhiteFideId "14120828"]
[BlackFideId "1203975"]
[WhiteElo "2723"]
[BlackElo "2573"]
[Result "1-0"]
[Round "07"]
[TimeControl "180+1"]
[Date "2022.05.10"]
[WhiteClock "0:00:13"]
[BlackClock "0:00:02"]

1. d4 d5 2. Nc3 e6 3. Bf4 Bd6 4. e3 Bxf4 5. exf4 Nf6 6. Nf3 O-O 7. Bd3 c5 8. dxc5 Nbd7 9. b4 a5 10. a3 Qc7 11. g3 b6 12. Nb5 Qb7 13. Nd6 Qc7 14. Nxc8 Rfxc8 15. cxb6 Qxb6 16. Rb1 axb4 17. axb4 Ne8 18. O-O Nd6 19. Kg2 h6 20. Re1 Ra3 21. Ne5 Nxe5 22. Rxe5 Nc4 23. Re1 Nd6 24. Qh5 Rac3 25. Re2 R3c7 26. h4 Ne4 27. Rb3 Nf6 28. Qe5 Ng4 29. Qa1 h5 30. b5 Ra7 31. Ra3 Rxa3 32. Qxa3 g6 33. Qa6 Qc5 34. b6 Rb8 35. b7 Qc7 36. Bxg6 fxg6 37. Rxe6 Rxb7 38. Rxg6+ Kf8 39. Qe6 Qd7 40. Rg8# 1-0


[Site "https://www.chess.com"]

[Event "Titled Tuesday Blitz May 10 Late 2022"]
[White "Burke, Paul"]
[Black "Winkels, Marcel"]
[WhiteFideId "2605767"]
[BlackFideId "1003887"]
[WhiteElo "1896"]
[BlackElo "1900"]
[Result "0-1"]
[Round "07"]
[TimeControl "180+1"]
[Date "2022.05.11"]
[WhiteClock "0:00:09"]
[BlackClock "0:00:17"]

1. e4 g6 2. Nc3 Bg7 3. g3 d6 4. Bg2 Nf6 5. Nge2 O-O 6. h3 e5 7. O-O Nc6 8. d3 Be6 9. f4 Qc8 10. Kh2 a6 11. Be3 Re8 12. Qd2 Ne7 13. fxe5 dxe5 14. Bg5 Nd7 15. Bxe7 Rxe7 16. Nd5 Bxd5 17. exd5 Nf6 18. Rae1 Qd7 19. c4 Nh5 20. Nc3 Qd6 21. Ne4 Qd8 22. Bf3 f5 23. Ng5 Qd6 24. Bxh5 gxh5 25. Qe2 Qg6 26. Ne6 Bf6 27. Qf3 f4 28. gxf4 exf4 29. Nxf4 Qf5 30. Ne6 Qxf3 31. Rxf3 Bxb2 32. d4 Kh8 33. Re2 Ba1 34. Re1 Bb2 35. Re2 Bc1 36. Re1 Bh6 37. Re5 h4 38. Rh5 Bg7 39. Rxh4 c6 40. Nxg7 Rxg7 41. Rg4 Rd7 42. dxc6 bxc6 43. Rf6 c5 44. d5 Rb8 45. Rc6 Rf8 46. Rxc5 Rdf7 47. Rg2 Rf3 48. Rc6 Rc3 49. d6 h5 50. d7 Rd3 51. Rc7 Rd8 0-1


[Site "https://www.chess.com"]

[Event "Titled Tuesday Blitz May 10 Late 2022"]
[White "Can, Melih Kaan"]
[Black "Baches Garcia, Guillermo"]
[WhiteFideId "6317383"]
[BlackFideId "2209764"]
[WhiteElo "2049"]
[BlackElo "2515"]
[Result "1-0"]
[Round "07"]
[TimeControl "180+1"]
[Date "2022.05.11"]
[WhiteClock "0:00:54"]
[BlackClock "0:00:31"]

1. d4 Nf6 2. c4 e6 3. Nc3 d5 4. cxd5 Nxd5 5. Nf3 c5 6. Nxd5 Qxd5 7. g3 cxd4 8. Qxd4 Qxd4 9. Nxd4 Bb4+ 10. Bd2 Bxd2+ 11. Kxd2 Ke7 12. Bg2 Rd8 13. Ke3 e5 14. Nb3 Nc6 15. Bxc6 bxc6 16. Rac1 Bd7 17. Rhd1 Be8 18. Nc5 Rab8 19. b3 f6 20. Rxd8 Rxd8 21. Nd3 g5 22. Nb4 Rd6 23. Rc5 Rd1 24. Ra5 Kd6 25. Rxa7 Bd7 26. Nd3 Rh1 27. a4 Rxh2 28. a5 Rh1 29. b4 Ra1 30. Nc5 Bf5 31. Rf7 Kd5 32. Rxf6 Bg6 33. Rf8 Ra3+ 34. Kd2 Ra2+ 35. Kc3 Rxe2 36. Rd8# 1-0


[Site "https://www.chess.com"]

[Event "Titled Tuesday Blitz May 10 Late 2022"]
[White "Castellanos Hernandez, Emilio Au"]
[Black "Kim, Sergey"]
[WhiteFideId "5114179"]
[BlackFideId "13700570"]
[WhiteElo "2021"]
[BlackElo "2472"]
[Result "0-1"]
[Round "07"]
[TimeControl "180+1"]
[Date "2022.05.11"]
[WhiteClock "0:00:11"]
[BlackClock "0:00:16"]

1. e4 e5 2. Nf3 Nc6 3. Bb5 a6 4. Ba4 Nf6 5. O-O b5 6. Bb3 Bc5 7. c3 d6 8. d4 Bb6 9. Bg5 h6 10. Bh4 Bg4 11. Re1 g5 12. Bg3 exd4 13. h3 Bh5 14. e5 dxe5 15. Bxe5 Kf8 16. g4 Nxe5 17. Nxe5 Bg6 18. Qf3 Kg7 19. Nxg6 fxg6 20. cxd4 Bxd4 21. Nc3 Rf8 22. Qc6 Qd6 23. Qxd6 cxd6 24. Re7+ Kh8 25. Rd1 Bc5 26. Bf7 Ng8 27. Rd7 Rad8 28. Rxd8 Rxd8 29. Bxg6 Nf6 30. Ne4 Nxe4 31. Bxe4 Kg7 32. Kf1 Kf6 33. f3 Ke5 34. Ke2 Kf4 35. Rh1 d5 36. Rd1 d4 37. Rh1 Be7 38. Rd1 Kg3 39. Kd3 Rc8 40. Rh1 Bf6 41. Kd2 d3 42. Bxd3 Bxb2 43. Be4 Be5 44. Kd3 Rd8+ 45. Kc2 Bf4 46. Kb3 Rd4 47. Re1 a5 48. a4 bxa4+ 49. Ka3 Bd6+ 50. Ka2 Rd2+ 51. Ka1 Be5+ 52. Kb1 Bc3 53. Re3 Bb4 54. Bc2 a3 55. Re6 Rf2 56. Bb3 Rb2+ 57. Ka1 Rxb3 58. Rxh6 Rxf3 59. Ka2 Rf2+ 60. Kb3 Rb2+ 61. Ka4 a2 62. h4 a1=Q+ 63. Kb5 Qf1+ 64. Kc6 gxh4 65. Kd5 Rd2+ 66. Ke6 Qe1+ 0-1


[Site "https://www.chess.com"]

[Event "Titled Tuesday Blitz May 10 Late 2022"]
[White "Curtis, John"]
[Black "Kanyamarala, Trisha"]
[WhiteFideId "3200256"]
[BlackFideId "45004722"]
[WhiteElo "2203"]
[BlackElo "2134"]
[Result "0-1"]
[Round "07"]
[TimeControl "180+1"]
[Date "2022.05.11"]
[WhiteClock "0:00:02"]
[BlackClock "0:00:29"]

1. e4 c5 2. Nf3 d6 3. d4 cxd4 4. Nxd4 Nf6 5. Nc3 a6 6. Bg5 e6 7. f4 h6 8. Bh4 Be7 9. Qd3 Nc6 10. O-O-O Bd7 11. Be2 b5 12. Nxc6 Bxc6 13. Bf3 b4 14. Bxf6 gxf6 15. Ne2 e5 16. Kb1 a5 17. c4 bxc3 18. Nxc3 Rb8 19. Bh5 Rb4 20. Qa6 Rb6 21. Qc4 O-O 22. fxe5 Qb8 23. Rd2 dxe5 24. Rc1 Qb7 25. Rcc2 Rb4 26. Qe2 Bxe4 27. Nxe4 Rxe4 28. Bf3 Rxe2 29. Bxb7 Re1+ 30. Rc1 Rxc1+ 31. Kxc1 Rb8 32. Rd7 Bc5 33. Bd5 Be3+ 34. Kc2 Bd4 35. b3 Rc8+ 36. Kd1 Kg7 37. g4 Kg6 38. h4 Rf8 39. Be4+ Kg7 40. h5 f5 41. Bxf5 Kf6 42. Ke2 Kg5 43. Kf3 Bc3 44. Ke4 Bd4 45. a4 Rb8 46. Kd5 Rxb3 47. Rxf7 Rb4 48. Ke4 Bb2+ 49. Kd5 Rxa4 50. Rg7+ Kh4 51. Rg6 Bc1 52. g5 Bxg5 53. Kxe5 Rb4 54. Ra6 Rb5+ 55. Ke6 Kxh5 56. Bd3 Rc5 57. Be2+ Kh4 58. Kd6 Rf5 59. Bd3 Rf3 60. Be4 Rf6+ 61. Ke5 Rxa6 0-1


[Site "https://www.chess.com"]

[Event "Titled Tuesday Blitz May 10 Late 2022"]
[White "Demchenko, Anton"]
[Black "Sadhwani, Raunak"]
[WhiteFideId "4160258"]
[BlackFideId "35093487"]
[WhiteElo "2539"]
[BlackElo "2616"]
[Result "0-1"]
[Round "07"]
[TimeControl "180+1"]
[Date "2022.05.10"]
[WhiteClock "0:00:02"]
[BlackClock "0:01:20"]

1. e4 e5 2. Nf3 Nc6 3. Bc4 d6 4. d3 Be7 5. Nc3 Nf6 6. a4 Na5 7. Ba2 c5 8. Bg5 O-O 9. Bxf6 Bxf6 10. Nd5 Nc6 11. c3 Be6 12. h4 h6 13. Ne3 Ne7 14. g4 Ng6 15. Bxe6 fxe6 16. Ng2 Be7 17. Qe2 Qe8 18. g5 h5 19. Nd2 Nf4 20. Nxf4 Rxf4 21. Kd1 Qf7 22. f3 g6 23. Kc2 Rf8 24. Raf1 Qe8 25. b3 a6 26. a5 Bd8 27. Ra1 Bc7 28. Rh3 Qb5 29. Nc4 d5 30. exd5 exd5 31. Ne3 Qd7 32. Rah1 Bxa5 33. c4 dxc4 34. dxc4 Rd4 35. Rd1 Qxh3 36. Rxd4 cxd4 37. Qd3 Qe6 38. Nd5 Kg7 39. Kb2 Bc3+ 40. Ka2 Qf5 41. Qe2 e4 42. fxe4 Qf2 43. Nf4 0-1


[Site "https://www.chess.com"]

[Event "Titled Tuesday Blitz May 10 Late 2022"]
[White "Diaz, Fernando"]
[Black "Leiva, Gianmarco"]
[WhiteFideId "3701255"]
[BlackFideId "3804399"]
[WhiteElo "1934"]
[BlackElo "2323"]
[Result "0-1"]
[Round "07"]
[TimeControl "180+1"]
[Date "2022.05.10"]
[WhiteClock "0:01:11"]
[BlackClock "0:01:50"]

1. e4 c6 2. d4 d5 3. exd5 cxd5 4. Bd3 Nc6 5. c3 g6 6. Bf4 Bf5 7. Bxf5 gxf5 8. Ne2 e6 9. Nd2 Nf6 10. f3 Rg8 11. O-O Bd6 12. Qb3 Bxf4 13. Nxf4 Qc7 14. Nd3 O-O-O 15. Qd1 h5 16. Qe2 h4 17. Ne5 Nxe5 18. Qxe5 Qxe5 19. dxe5 Nh5 20. f4 Rg4 21. h3 Rxf4 22. Rxf4 Nxf4 23. Nf3 Rg8 24. Nxh4 Nxh3+ 25. Kh2 Nf2 26. Nf3 Nd3 27. b3 Nf4 28. g3 Ne2 29. c4 dxc4 30. bxc4 Rxg3 31. Re1 Rxf3 32. Rxe2 Rc3 0-1


[Site "https://www.chess.com"]

[Event "Titled Tuesday Blitz May 10 Late 2022"]
[White "Dilmukhametov, Artur"]
[Black "Koellner, Ruben Gideon"]
[WhiteFideId "24179922"]
[BlackFideId "12993093"]
[WhiteElo "2206"]
[BlackElo "2618"]
[Result "0-1"]
[Round "07"]
[TimeControl "180+1"]
[Date "2022.05.11"]
[WhiteClock "0:00:04"]
[BlackClock "0:00:03"]

1. e4 d6 2. d4 Nf6 3. Nc3 e5 4. Nge2 c6 5. a4 Na6 6. g3 Nb4 7. Bg2 a5 8. O-O Be7 9. h3 O-O 10. Be3 Re8 11. g4 h6 12. Qd2 b6 13. f4 Ba6 14. Rfe1 Nd7 15. Ng3 exf4 16. Bxf4 Bg5 17. Rac1 Bxf4 18. Qxf4 Qf6 19. Nf5 Re6 20. Qf2 Rae8 21. Ne2 Bxe2 22. Rxe2 Kh7 23. Qf4 Nf8 24. Rf1 Ng6 25. Qd2 Qg5 26. Qd1 Nd5 27. Ref2 Nf6 28. Ng3 Nh4 29. Bh1 Qe3 30. Qd3 Qg5 31. e5+ Kg8 32. Bxc6 Rc8 33. Bg2 dxe5 34. dxe5 Rxe5 35. Bh1 Re3 36. Qa6 Rxg3+ 37. Kh2 Qe5 38. Qxc8+ Kh7 39. Rf4 Re3 40. Kg1 Ng6 41. R4f3 Re2 42. Qc3 Qh2# 0-1


[Site "https://www.chess.com"]

[Event "Titled Tuesday Blitz May 10 Late 2022"]
[White "Dimakiling, Oliver"]
[Black "Vlassov, Nikolai"]
[WhiteFideId "5202248"]
[BlackFideId "4103360"]
[WhiteElo "2426"]
[BlackElo "2407"]
[Result "1-0"]
[Round "07"]
[TimeControl "180+1"]
[Date "2022.05.10"]
[WhiteClock "0:01:13"]
[BlackClock "0:00:06"]

1. c4 Nf6 2. Nc3 e5 3. g3 Bb4 4. Bg2 O-O 5. Nf3 e4 6. Nd4 Re8 7. O-O d5 8. cxd5 Bxc3 9. dxc3 Qxd5 10. Nb3 Qh5 11. f3 Bh3 12. Bf4 Nc6 13. Bxc7 Bxg2 14. Kxg2 exf3+ 15. exf3 Nd5 16. Bf4 Nxf4+ 17. gxf4 Rad8 18. Qc2 Re6 19. Kh1 Rde8 20. Qg2 Qf5 21. Qg4 Qc2 22. Rg1 g6 23. Nc5 Re2 24. Qh4 Rd2 25. Rae1 Ree2 26. Rxe2 Rxe2 27. Qh3 Qxb2 28. Ne4 Qxa2 29. f5 1-0


[Site "https://www.chess.com"]

[Event "Titled Tuesday Blitz May 10 Late 2022"]
[White "Djokic, Mihailo"]
[Black "Atanejhad, Sahebali"]
[WhiteFideId "976440"]
[BlackFideId "12506664"]
[WhiteElo "2202"]
[BlackElo "1953"]
[Result "1-0"]
[Round "07"]
[TimeControl "180+1"]
[Date "2022.05.11"]
[WhiteClock "0:01:20"]
[BlackClock "0:00:01"]

1. e4 c5 2. Nf3 g6 3. d4 cxd4 4. Nxd4 Nc6 5. Nc3 Bg7 6. Be3 Nf6 7. Bc4 O-O 8. Bb3 Re8 9. O-O d6 10. h3 Bd7 11. f4 Nxd4 12. Bxd4 Bc6 13. Qd3 e5 14. Be3 exf4 15. Rxf4 Bh6 16. Raf1 Bxf4 17. Rxf4 Rf8 18. Bd4 Nh5 19. Rf3 Qe7 20. g4 Ng7 21. Bf6 Qc7 22. Nd5 Bxd5 23. Bxd5 Ne8 24. Bc3 Qc5+ 25. Kg2 a5 26. Bxb7 Rb8 27. Bd5 Ng7 28. Bd4 Qc7 29. b3 Ne6 30. Bb2 Rbc8 31. c4 Qe7 32. Bf6 Qc7 33. Qe3 Rfe8 34. Qh6 a4 35. h4 axb3 36. axb3 Ra8 37. h5 Ra2+ 38. Kh3 Ra7 39. Bxe6 fxe6 40. hxg6 1-0


[Site "https://www.chess.com"]

[Event "Titled Tuesday Blitz May 10 Late 2022"]
[White "Dourerassou, Jonathan"]
[Black "RestartingChess"]
[WhiteFideId "628050"]
[WhiteElo "2499"]
[BlackElo "2502"]
[Result "0-1"]
[Round "07"]
[TimeControl "180+1"]
[Date "2022.05.10"]
[WhiteClock "0:00:57"]
[BlackClock "0:01:03"]

1. e4 c6 2. Nc3 d5 3. Nf3 dxe4 4. Nxe4 Nf6 5. Nxf6+ exf6 6. d4 Bd6 7. Bd3 O-O 8. O-O f5 9. c3 h6 10. Qc2 Qf6 11. Re1 Na6 12. Ne5 Nc7 13. Bd2 Be6 14. Bc4 Rfe8 15. Qb3 b5 16. Bxe6 Rxe6 17. Nxc6 Bxh2+ 18. Kxh2 Rxc6 19. Kg1 a6 20. Re2 Re6 21. Rae1 Rae8 22. Rxe6 Rxe6 23. Rxe6 Qxe6 24. Qxe6 fxe6 25. Kf1 Kf7 26. Ke2 g5 27. b3 Ke7 28. c4 Kd6 29. Bb4+ Kc6 30. Bf8 h5 31. Bh6 g4 32. Bf4 Ne8 33. Be5 Nd6 34. Bxd6 Kxd6 35. Ke3 bxc4 36. bxc4 e5 37. g3 exd4+ 38. Kxd4 f4 39. Ke4 fxg3 40. fxg3 Kc5 41. Kd3 a5 42. a4 Kb4 43. Kd4 Kxa4 44. c5 Kb5 45. Kd5 h4 46. c6 h3 47. c7 h2 48. c8=Q h1=Q+ 49. Ke5 Qe1+ 50. Kf4 Qb4+ 51. Kg5 Qc5+ 52. Qxc5+ Kxc5 53. Kxg4 a4 54. Kf5 a3 55. g4 a2 56. g5 a1=Q 57. g6 Qg7 58. Kg5 Kd6 0-1


[Site "https://www.chess.com"]

[Event "Titled Tuesday Blitz May 10 Late 2022"]
[White "Dreev, Aleksey"]
[Black "Melkumyan, Hrant"]
[WhiteFideId "4100107"]
[BlackFideId "13302485"]
[WhiteElo "2625"]
[BlackElo "2604"]
[Result "1/2-1/2"]
[Round "07"]
[TimeControl "180+1"]
[Date "2022.05.10"]
[WhiteClock "0:00:07"]
[BlackClock "0:00:14"]

1. d4 Nf6 2. Nf3 g6 3. g3 b6 4. Bg2 Bb7 5. O-O Bg7 6. c4 O-O 7. Nc3 Ne4 8. Qc2 Nxc3 9. bxc3 d6 10. e4 Nd7 11. a4 a5 12. Re1 e5 13. Be3 Qe7 14. Nd2 Rae8 15. Rab1 f5 16. exf5 Bxg2 17. Kxg2 gxf5 18. Nf3 Qf7 19. c5 bxc5 20. dxc5 f4 21. gxf4 Nxc5 22. Bxc5 Qxf4 23. Qe4 dxc5 24. Qxf4 Rxf4 25. Rb5 Ref8 26. Re3 e4 27. Ng5 Rxf2+ 28. Kh3 Bh6 29. Rxc5 R2f5 30. Rg3 Rxc5 31. Nxe4+ Kf7 32. Nxc5 Ke7 33. Nb3 Rf5 34. Kg4 Re5 35. Rh3 Rg5+ 36. Kf3 Rf5+ 37. Ke4 Rf6 38. Nxa5 Ra6 39. Nc4 Rxa4 40. Rxh6 Rxc4+ 41. Kd3 Rf4 42. Rxh7+ Kd6 43. h4 Rf3+ 44. Kc4 Rf4+ 45. Kb3 Rg4 46. Rh6+ Kc5 47. Rh5+ Kc6 48. Rh8 Kc5 49. h5 Rh4 50. h6 Rh3 51. h7 Rh2 52. Rg8 Rxh7 53. Rg5+ 1/2-1/2


[Site "https://www.chess.com"]

[Event "Titled Tuesday Blitz May 10 Late 2022"]
[White "Erdogdu, Mert"]
[Black "Lehtosaari, Mauri"]
[WhiteFideId "6301495"]
[BlackFideId "501999"]
[WhiteElo "2451"]
[BlackElo "2524"]
[Result "1-0"]
[Round "07"]
[TimeControl "180+1"]
[Date "2022.05.11"]
[WhiteClock "0:00:11"]
[BlackClock "0:00:06"]

1. c4 c6 2. d4 d5 3. Nf3 Nf6 4. Qc2 dxc4 5. e4 Bg4 6. Bxc4 Bxf3 7. gxf3 Qxd4 8. Be3 Qe5 9. Qb3 Qc7 10. Bxf7+ Kd8 11. Nc3 Nbd7 12. O-O-O e5 13. Kb1 Be7 14. Rd2 Kc8 15. Be6 Kb8 16. Na4 b5 17. Rhd1 Rd8 18. Nc3 Nb6 19. Rxd8+ Bxd8 20. a4 a6 21. Qb4 Be7 22. Bc5 Bxc5 23. Qxc5 Kb7 24. Rc1 Nxa4 25. Nxa4 bxa4 26. Rc4 a5 27. Rxa4 Ra6 28. Ra3 a4 29. Qb4+ Qb6 30. Qe7+ Qc7 31. Qc5 Ra5 32. Qb4+ Qb6 33. Qf8 Qc7 34. Rd3 Ra8 35. Qc5 Ra5 36. Qc3 Qb6 37. Rd6 a3 38. b3 Qxf2 39. Rd1 Qb2+ 40. Qxb2 axb2 41. Kxb2 Kc7 42. Kc3 Rc5+ 43. Kb2 Ra5 44. Kc3 Rc5+ 45. Bc4 Ra5 46. Rg1 g6 47. Rg5 Kb6 48. h4 Nh5 49. b4 Ra3+ 50. Bb3 Ra1 51. Rxe5 Rh1 52. Re7 Rxh4 53. Rxh7 Rh3 54. Bd1 Nf6 55. Rxh3 1-0


[Site "https://www.chess.com"]